Map: Ever Dream LE

Players

TIME (Oliveira)

  • Race: Terran Terran
  • Spawn Location: 7:00

Serral - Winner!

  • Race: Zerg Zerg
  • Spawn Location: 1:00

Event: DreamHack SC2 Masters 2020 Fall

VOD

Have the link to the VOD?

Description

Time

  • Played on: Sept. 18, 2020, 9:20 a.m.
  • Length: 16:06

All games in this series

Show
View Real Time Build Order
Export as new Build Order

TIME Terran 

Build Orders: Hellion Opening 

Get SALT Encoding   

  12  0:00  SCV  
  13  0:12  SCV  
  14  0:17  Supply Depot  
  14  0:24  SCV  
  15  0:39  SCV  
  15  0:40  Barracks  
  16  0:44  Refinery  
  16  0:51  SCV  
  17  1:03  SCV  
  18  1:15  SCV  
  19  1:28  Orbital Command, Barracks Reactor  
  19  1:39  Command Center  
  19  1:48  Supply Depot  
  19  1:54  SCV  
  20  2:05  Marine x2  
  20  2:06  SCV  
  23  2:09  Factory  
  23  2:18  SCV  
  24  2:23  Marine x2  
  26  2:30  SCV  
  26  2:32  Refinery  
  27  2:41  Marine x2  
  27  2:42  SCV  
  30  2:51  Orbital Command  
  30  2:53  Starport  
  30  2:56  SCV  
  31  3:04  Hellion x2  
  31  3:05  Marine  
  35  3:09  SCV  
  37  3:17  SCV  
  38  3:23  Supply Depot, Marine  
  38  3:26  Hellion x2  
  43  3:30  Medivac  
  43  3:31  SCV  
  46  3:37  Supply Depot  
  46  3:45  Barracks Tech Lab, SCV  
  46  3:48  Hellion x2  
  51  3:49  SCV  
  52  3:57  SCV  
  52  4:01  SCV  
  54  4:07  Command Center  
  54  4:14  Hellion x2  
  58  4:18  SCV x2  
  58  4:22  Stimpack  
  60  4:29  Supply Depot  
  60  4:33  SCV  
  60  4:41  SCV  
  60  4:44  Starport Reactor  
  60  4:45  Barracks x2, Factory Reactor  
  61  4:47  SCV  
  62  4:53  Supply Depot, Marine  
  62  4:54  SCV  
  62  4:58  Supply Depot  
  65  5:07  SCV  
  65  5:08  SCV  
  65  5:09  Engineering Bay  
  65  5:10  Engineering Bay  
  65  5:11  Refinery x2  
  60  5:21  SCV  
  60  5:25  SCV  
  51  5:30  Medivac x2  
  51  5:31  Hellion  
  51  5:32  Hellion  
  51  5:33  SCV  
  59  5:36  Marine x2  
  59  5:37  Barracks Reactor  
  59  5:40  SCV  
  63  5:43  Marine  
  63  5:44  Terran Infantry Armor Level 1, Terran Infantry Weapons Level 1  
  63  5:46  Orbital Command, SCV  
  64  5:53  Hellion x2  
  64  5:54  Marine  
  64  5:55  SCV  
  70  5:58  SCV  
  70  6:00  Marine  
  70  6:01  Marine  
  73  6:07  SCV  
  73  6:10  Medivac x2  
  78  6:12  Marine  
  78  6:14  Widow Mine, Marine x2  
  78  6:15  Widow Mine  
  85  6:18  Marine  
  85  6:19  Combat Shield  
  85  6:22  Orbital Command  
  85  6:25  Marine  
  87  6:27  SCV, Supply Depot  
  87  6:28  Armory  
  87  6:30  SCV  
  89  6:37  Marine x2  
  89  6:38  Marine x2  
  89  6:39  Widow Mine x2  
  97  6:40  SCV  
  97  6:44  Marine  
  99  6:52  Barracks  
  99  6:54  Barracks, SCV x2  
  99  6:55  Marine x2  
  99  6:59  SCV  
  99  7:00  Supply Depot  
  104  7:03  Marine  
  104  7:05  Widow Mine, Marine  
  104  7:06  SCV  
  109  7:13  Supply Depot  
  109  7:21  Medivac, Marine x2  
  109  7:22  SCV x2  
  115  7:24  Widow Mine  
  117  7:31  Supply Depot  
  117  7:34  Medivac, SCV, Marine x2  
  122  7:37  Marine  
  120  7:46  Marine  
  120  7:47  Barracks Reactor  
  120  7:50  Barracks Reactor  
  120  7:51  Marine  
  97  7:53  SCV x3  
  97  7:55  Terran Infantry Weapons Level 2  
  97  7:58  Barracks x2  
  101  8:01  Barracks, Marine  
  101  8:02  Marine  
  101  8:03  Marine  
  101  8:04  Widow Mine x2  
  101  8:07  Terran Infantry Armor Level 2  
  101  8:10  Marine  
  100  8:15  Marine  
  100  8:19  Marine  
  101  8:24  Marine  
  101  8:25  Marine  
  98  8:27  SCV x2  
  98  8:28  SCV, Supply Depot  
  98  8:30  Widow Mine x2  
  98  8:31  Medivac x2, Marine  
  98  8:33  Marine x2  
  111  8:38  Marine  
  111  8:40  Marine x2  
  114  8:45  Command Center  
  112  8:49  Marine  
  112  8:52  Barracks Tech Lab x2  
  112  8:54  Barracks Tech Lab  
  112  8:55  Marine x3  
  116  9:00  Widow Mine x2  
  116  9:01  Marine  
  121  9:06  Marine x2  
  121  9:07  Marine x2  
  121  9:09  Medivac x2  
  126  9:14  Supply Depot, Marine  
  125  9:17  Sensor Tower, Marine  
  125  9:22  Marine x3  
  129  9:24  Marine x2  
  129  9:27  Marauder x2  
  129  9:28  Concussive Shells  
  129  9:30  Marine  
  136  9:32  Missile Turret  
  136  9:35  Missile Turret  
  136  9:36  Missile Turret  
  136  9:37  Marine x2  
  138  9:42  Marine x2  
  138  9:43  Marine  
  138  9:44  Marauder  
  143  9:48  Widow Mine x2  
  143  9:51  Supply Depot  
  143  9:52  Marine x2  
  149  9:57  Marauder, Marine  
  150  10:04  Marauder x2  
  150  10:05  Marine  
  155  10:09  SCV  
  155  10:10  SCV  
  155  10:14  Terran Infantry Weapons Level 3  
  157  10:17  Marine x2  
  158  10:25  Marine x2  
  158  10:29  Marine x3  
  158  10:31  Missile Turret x2, Marauder x3  
  158  10:32  Missile Turret, Marine  
  158  10:34  Medivac  
  170  10:35  Missile Turret  
  170  10:39  Marine  
  170  10:40  Supply Depot, Marine  
  170  10:41  Planetary Fortress  
  172  10:48  Marauder  
  172  10:50  Missile Turret  
  172  10:53  Missile Turret  
  172  10:54  Missile Turret  
  172  10:56  Missile Turret  
  172  10:57  Missile Turret  
  172  10:59  Marine  
  172  11:01  Marine x2  
  172  11:03  Medivac, Widow Mine x2  
  166  11:05  Marine x2  
  166  11:06  Marauder x3, Marine  
  166  11:07  Terran Infantry Armor Level 3  
  175  11:11  Marine  
  175  11:12  Factory  
  175  11:14  Medivac  
  178  11:19  Marine x2  
  178  11:21  Supply Depot  
  180  11:34  Marine x2  
  180  11:38  Marauder  
  180  11:40  Marauder  
  180  11:42  Marine  
  180  11:43  Marauder x2, Marine x2  
  180  11:46  Supply Depot  
  184  11:47  Supply Depot  
  184  11:48  Marine  
  184  11:49  Command Center  
  182  12:04  Missile Turret  
  182  12:06  Missile Turret x2  
  182  12:07  Marine x2  
  182  12:08  Factory Tech Lab, Marauder  
  184  12:10  Marine x3  
  184  12:11  Marauder x2  
  184  12:12  Marauder, Marine  
  184  12:14  Medivac x2  
  198  12:17  Widow Mine  
  166  12:37  SCV x3  
  166  12:38  SCV  
  166  12:40  Drilling Claws, Thor  
  166  12:43  Missile Turret, Marine x2  
  154  12:44  Marauder, Marine x3  
  154  12:46  Widow Mine x2  
  154  12:51  Marine x2  
  164  12:58  SCV x2  
  165  13:07  Widow Mine  
  165  13:09  Marine x3  
  165  13:11  Widow Mine  
  172  13:13  Marine  
  172  13:14  Marauder  
  172  13:18  Planetary Fortress  
  175  13:21  SCV x2  
  175  13:22  Missile Turret  
  175  13:26  Marine  
  178  13:28  SCV  
  178  13:31  Marine x2  
  173  13:35  Marine x3  
  173  13:36  Marauder x2  
  176  13:47  Marine x3  
  176  13:48  Marauder, Marine x2  
  171  13:49  SCV  
  171  13:58  Marauder, Marine x3  
  171  14:01  Widow Mine  
  178  14:03  SCV  
  178  14:04  Command Center  
  179  14:10  Marine x2  
  181  14:17  Marine  
  181  14:22  Marine  
  181  14:23  Marauder, Marine  
  181  14:24  Marine x2  
  165  14:25  SCV x3  
  169  14:33  Marine x2  
  169  14:34  Marauder  
  169  14:38  Marauder, Marine  
  168  14:41  Marine x3  
  168  14:42  Widow Mine x2, Marauder, Marine  
  168  14:43  Marine  
  168  14:44  Marauder  
  162  14:51  Marine x2  
  160  14:55  Marauder, SCV  
  160  14:56  Marine  
  160  14:59  Marine x2  
  166  15:00  Marauder  
  166  15:04  Marauder  
  166  15:05  Marine  
  166  15:06  Marauder  
  142  15:07  Marine  
  142  15:09  SCV  
  142  15:13  Marine  
  142  15:15  Marine  
  142  15:16  Marine  
  142  15:19  Marine  
  133  15:22  Widow Mine  
  133  15:24  Marine  
  133  15:26  SCV  
  132  15:29  Marine  
  115  15:38  Marine x2  
  115  15:39  Marauder  
  115  15:40  Marine x2  
  102  15:45  Widow Mine  
  102  15:46  Marine  
Show
View Real Time Build Order
Export as new Build Order

Serral Zerg - Winner!

Build Orders: Hatch First, Muta Ling Bane 

Get SALT Encoding   

  12  0:00  Drone  
  13  0:12  Overlord  
  13  0:17  Drone  
  14  0:31  Drone x2  
  16  0:47  Hatchery  
  15  0:51  Drone  
  15  0:54  Drone  
  17  0:57  Drone  
  18  1:08  Extractor  
  17  1:12  Spawning Pool  
  17  1:15  Drone  
  17  1:19  Drone  
  18  1:28  Drone  
  19  1:38  Drone  
  20  1:49  Overlord  
  20  1:59  Queen x2  
  20  2:00  Zergling x4  
  26  2:10  Drone  
  26  2:12  Drone, Metabolic Boost  
  28  2:21  Drone  
  29  2:24  Drone  
  30  2:33  Hatchery  
  29  2:37  Drone  
  29  2:39  Drone  
  31  2:45  Queen  
  31  2:49  Overlord  
  33  2:52  Drone  
  33  2:54  Drone  
  33  2:57  Drone  
  36  3:08  Drone  
  36  3:09  Drone x3, Overlord  
  40  3:14  Drone  
  40  3:19  Drone  
  42  3:21  Queen  
  44  3:30  Overlord  
  44  3:34  Overlord  
  44  3:39  Drone x2  
  46  3:43  Zergling x2  
  46  3:45  Zergling x4  
  46  3:46  Queen  
  50  3:50  Baneling Nest, Zergling x4  
  51  3:58  Zergling x2  
  51  3:59  Queen  
  51  4:01  Drone x2  
  51  4:02  Drone x2  
  58  4:06  Zergling x2  
  58  4:07  Zergling x2  
  58  4:09  Overlord  
  60  4:12  Drone x3  
  60  4:16  Drone  
  60  4:17  Drone x2  
  65  4:21  Spore Crawler  
  64  4:28  Zergling x2  
  64  4:29  Lair  
  64  4:30  Drone x3, Extractor  
  67  4:33  Drone  
  67  4:35  Drone  
  67  4:38  Baneling x2  
  69  4:40  Baneling  
  69  4:44  Zergling x2  
  69  4:45  Drone x5  
  75  4:49  Overlord  
  75  4:52  Drone  
  76  4:55  Evolution Chamber  
  76  4:56  Drone  
  76  4:59  Drone x4  
  81  5:04  Extractor, Overlord  
  81  5:05  Extractor, Zergling x2  
  80  5:09  Drone  
  69  5:21  Drone x5  
  69  5:23  Drone  
  69  5:25  Zergling x2  
  69  5:30  Drone  
  69  5:31  Drone x6  
  74  5:38  Zergling x4  
  74  5:46  Evolution Chamber x2  
  74  5:48  Drone x5  
  77  5:50  Queen  
  77  5:52  Zergling x4  
  81  5:58  Hatchery  
  81  6:00  Extractor  
  81  6:02  Drone x6  
  85  6:05  Drone x2  
  85  6:06  Centrifical Hooks  
  85  6:10  Evolution Chamber, Overseer  
  86  6:15  Zerg Ground Armor Level 1, Zerg Melee Weapons Level 1  
  86  6:17  Drone x2, Extractor  
  86  6:18  Drone  
  89  6:20  Overlord  
  89  6:22  Overlord  
  89  6:26  Zergling x2  
  89  6:29  Overlord  
  90  6:36  Queen x2, Baneling x2  
  90  6:40  Zergling x8, Baneling x3  
  95  6:50  Zergling x16  
  95  6:51  Hatchery  
  101  6:56  Queen  
  101  7:00  Overlord x2  
  103  7:03  Overlord  
  103  7:07  Zergling x6  
  106  7:09  Baneling x5  
  106  7:12  Spire  
  105  7:20  Zergling x8  
  108  7:26  Zergling x6  
  108  7:29  Baneling  
  111  7:30  Baneling x3  
  111  7:31  Zergling x2  
  111  7:32  Zergling x8  
  111  7:36  Baneling  
  111  7:37  Baneling x4, Overseer  
  112  7:48  Zergling x16  
  106  7:52  Drone  
  106  7:54  Baneling x2  
  106  7:55  Baneling x2  
  104  7:59  Zergling x2  
  104  8:03  Zergling x16  
  104  8:04  Queen  
  110  8:05  Baneling  
  110  8:06  Baneling x3  
  110  8:07  Zergling x8  
  112  8:19  Zergling x8  
  116  8:25  Zergling x8  
  116  8:26  Baneling x6  
  116  8:27  Baneling  
  110  8:28  Zerg Melee Weapons Level 2  
  110  8:29  Zerg Ground Armor Level 2  
  110  8:34  Zerg Flyer Weapons Level 1  
  110  8:35  Hatchery  
  110  8:38  Baneling x4  
  109  8:43  Mutalisk x2  
  109  8:48  Mutalisk x2  
  112  8:51  Mutalisk x2  
  112  8:54  Pneumatized Carapace  
  120  9:00  Mutalisk x2  
  120  9:01  Mutalisk  
  124  9:02  Baneling  
  124  9:03  Baneling x2  
  124  9:08  Zergling x10  
  124  9:13  Zergling x6  
  124  9:14  Overseer  
  126  9:18  Mutalisk x2  
  126  9:24  Overlord x2  
  129  9:29  Drone x4  
  129  9:30  Drone  
  134  9:31  Baneling x2  
  134  9:35  Unknown, Mutalisk  
  135  9:39  Zergling x2  
  135  9:43  Baneling x2  
  135  9:44  Baneling  
  136  9:46  Drone x3  
  136  9:47  Drone x4  
  136  9:51  Mutalisk  
  136  9:52  Mutalisk x2  
  149  9:54  Overlord  
  145  10:00  Zergling x2  
  145  10:01  Zergling x6  
  145  10:03  Mutalisk x2  
  145  10:06  Drone x3  
  156  10:12  Overlord x2, Spore Crawler  
  156  10:13  Infestation Pit  
  154  10:14  Baneling x4  
  154  10:17  Overseer  
  154  10:18  Overlord  
  154  10:23  Zergling x8  
  158  10:29  Overlord x2  
  158  10:32  Drone  
  158  10:33  Drone x4  
  158  10:35  Mutalisk x3  
  163  10:39  Mutalisk x2  
  173  10:44  Zergling x2  
  173  10:49  Hive  
  174  10:53  Zergling x2  
  174  10:54  Zergling x18  
  183  11:01  Mutalisk x3  
  182  11:05  Drone x4, Queen  
  182  11:07  Overlord  
  182  11:08  Overlord  
  188  11:15  Zergling x2  
  189  11:19  Zerg Flyer Weapons Level 2  
  189  11:21  Overlord  
  189  11:24  Spore Crawler  
  188  11:29  Zergling x20  
  188  11:30  Zergling x2  
  199  11:34  Hatchery  
  190  11:40  Baneling x2  
  190  11:42  Zergling x28  
  194  11:54  Baneling  
  194  11:55  Baneling x19  
  194  11:57  Zergling x12  
  200  12:05  Zerg Ground Armor Level 3, Zerg Melee Weapons Level 3  
  200  12:13  Adrenal Glands  
  200  12:18  Baneling x9  
  196  12:26  Zergling x10  
  196  12:27  Zergling x22  
  197  12:30  Zergling x2  
  197  12:31  Zergling x4  
  197  12:32  Baneling  
  189  12:44  Zergling x20  
  189  12:50  Baneling x3  
  189  12:51  Baneling x25  
  199  13:01  Spore Crawler  
  199  13:05  Ultralisk Cavern  
  193  13:07  Zergling x16  
  199  13:18  Spine Crawler  
  199  13:19  Spine Crawler  
  197  13:20  Spine Crawler  
  197  13:22  Drone x3  
  199  13:29  Burrow  
  199  13:31  Hatchery  
  191  13:37  Zergling x16  
  198  13:48  Zergling x34  
  188  13:52  Zerg Flyer Armor Level 1  
  188  13:55  Mutalisk x2  
  199  13:56  Chitinous Plating  
  199  13:58  Baneling x17  
  199  13:59  Baneling x2, Overseer  
  199  14:02  Drone x3  
  200  14:10  Baneling  
  200  14:11  Baneling x12  
  200  14:15  Hatchery  
  195  14:24  Baneling x6  
  184  14:26  Zergling x30  
  192  14:40  Ultralisk  
  192  14:41  Ultralisk  
  191  14:51  Ultralisk  
  192  14:54  Baneling x7  
  189  15:06  Zergling x2  
  189  15:07  Zergling x46  
  178  15:11  Baneling x2  
  179  15:15  Anabolic Synthesis  
  179  15:17  Zergling x16  
  177  15:34  Zergling x2  
  177  15:35  Zergling x26  
  176  15:40  Baneling x12  
  159  15:48  Hatchery  

Tags
 
Add a new tag
Caveats
  • Supply blocks, unpowered buildings, or Contaminate may cause inaccurate times.
  • Supply counts are checked every 10 seconds.